 Dungeon Crawl Stone Soup version 0.25.0-1-g7eea58d2a3 (webtiles) character file.

Game seed: 680245014721854079

7 MDvedh the Stinger (level 2, 0/20 HPs)
             Began as a Ghoul Venom Mage on June 13, 2020.
             Slain by a leopard gecko (3 damage)
             ... on level 1 of the Dungeon.
             The game lasted 00:00:31 (325 turns).

MDvedh the Stinger (Ghoul Venom Mage)                Turns: 325, Time: 00:00:31

Health: 0/20       AC:  2    Str: 11    XL:     2   Next: 0%
Magic:  3/3        EV: 12    Int: 10    God:
Gold:   18         SH:  0    Dex:  9    Spells: 3/4 levels left

rFire    . . .     SeeInvis .     - Unarmed
rCold    + . .     Gourm    .   (no shield)
rNeg     + + +     Faith    .   a - +0 robe
rPois    ∞         Spirit   .   (no helmet)
rElec    .         Reflect  .   (no cloak)
rCorr    .         Harm     .   (no gloves)
MR       .....                  (no boots)
Stlth    ++........             (no amulet)
HPRegen  0.00/turn              (no ring)
MPRegen  0.08/turn              (no ring)

@: rotting
A: rotting body, claws 1, carnivore, cold resistance 1, negative energy
resistance 3, inhibited regeneration, torment resistance, unbreathing
a: no special abilities


You were on level 1 of the Dungeon.
You were not hungry.

You visited 1 branch of the dungeon, and saw 1 of its levels.

You collected 18 gold pieces.

Inventory:

Armour
 a - a +0 robe (worn)
 g - a +0 buckler
Jewellery
 h - an uncursed ring of stealth {unknown}
Scrolls
 e - a scroll of enchant weapon {unknown}
Potions
 b - a potion of mutation {unknown}
 d - a potion of might {unknown}
Comestibles
 c - 2 rations
 f - 2 chunks of flesh


   Skills:
 - Level 1.7 Dodging
 - Level 2.1 Stealth
 * Level 1.2 Unarmed Combat
 - Level 1.7 Spellcasting
 - Level 0.8 Transmutations
 + Level 3.1 Poison Magic


You had 3 spell levels left.
You knew the following spells:

 Your Spells              Type           Power        Failure   Level  Hunger
a - Sting                 Tmut/Pois      #...         14%         1    ##.....

Your spell library contained the following spells:

 Spells                   Type           Power        Failure   Level  Hunger
 Poisonous Vapours        Pois/Air       #.....       26%         2    ###....
 Ignite Poison            Fire/Tmut/Pois #.......     50%         3    ####...
 Mephitic Cloud           Conj/Pois/Air  #.......     54%         3    ####...
 Olgreb's Toxic Radiance  Pois           #.......     65%         4    #####..


Dungeon Overview and Level Annotations

Branches:
Dungeon (1/15)

Altars:


Innate Abilities, Weirdness & Mutations

Your body is rotting away.
You thrive on raw meat.
You are immune to poison.
You have sharp fingernails.
You are carnivorous and can eat meat at any time.
Your flesh is cold resistant. (rC+)
You are immune to negative energy. (rN+++)
You do not regenerate when monsters are visible.
You are immune to unholy pain and torment.
You can survive without breathing.


Message History

A leopard gecko comes into view.
You see here a buckler.
g - a buckler The leopard gecko hisses angrily.
A leopard gecko comes into view.
You see here a golden ring.
h - a golden ring The leopard gecko closely misses you. x2
You scratch the leopard gecko.
The leopard gecko is almost dead.
The leopard gecko bites you. x2
You are too injured to fight recklessly!
You are too injured to fight recklessly!
You are too injured to fight recklessly!
The leopard gecko bites you.
* * * LOW HITPOINT WARNING * * *
You closely miss the leopard gecko.
The leopard gecko is almost dead.
The leopard gecko bites you.
You die...

#.#............##...
#.#'##########.####.
#......# #...#.# #.
#(.....# #.#.#.# #.
#.!....# #.....# ##
#......# ###.###
####.#.#### #.#
#....#.########.#
#.?..#@#........#######
+....l.+...............
#....#)#........#######
#....#.#...............
#....#.#........##.....
#....#.#........#......
####.#.#.......(#.#####
#.#.########.#......
..... #.#######


You could see a leopard gecko.

Vanquished Creatures
  A dart slug (D:1)
  A giant cockroach (D:1)
  2 kobolds (D:1)
  A rat (D:1)
5 creatures vanquished.

Notes
Turn   | Place    | Note
-------+----------+-------------------------------------------
     0 | D:1      | MDvedh the Ghoul Venom Mage began the quest for the Orb.
     0 | D:1      | Reached XP level 1. HP: 14/14 MP: 2/2
   180 | D:1      | Reached skill level 1 in Unarmed Combat
   307 | D:1      | Reached XP level 2. HP: 15/20 MP: 3/3
   325 | D:1      | Slain by a leopard gecko

Illustrated notes

Levels and vault maps discovered:
D:1:      ebering_trefoil_twist, layout_basic

Skill      XL: |  1 |
---------------+----+-----
Unarmed Combat | 1 |  1.2
Dodging        | |  1.7
Stealth        | |  2.1
Spellcasting   | |  1.7
Transmutations | |  0.8
Poison Magic   | |  3.1

Action                   || total
-------------------------++-------
Melee: Unarmed           ||    24
 Stab: Sleeping          ||     2
Armor: Robe              ||     4
Dodge: Dodged            ||    12
